 Dungeon Crawl Stone Soup version 0.22-a0-247-gbddf880 (webtiles) character file.

815 Amnesiac the Prestidigitator (level 7, -7/37 HPs)
             Began as a Deep Elf Artificer on Feb 25, 2018.
             Was an Initiate of Gozag.
             Mangled by a mummy (13 damage)
             ... in an ossuary.
             The game lasted 00:11:08 (4510 turns).

Amnesiac the Prestidigitator (Deep Elf Artificer)   Turns: 4510, Time: 00:11:09

Health: -7/37      AC:  4    Str: 15    XL:     7   Next: 62%
Magic:  16/16      EV: 13    Int: 16    God:    Gozag
Gold:   593        SH:  0    Dex: 18    Spells: 4/6 levels left

rFire    + . .     SeeInvis .   G - +6 short sword "Zibryduc" {drain, rF+ Str+4 Dex+3}
rCold    . . .     Gourm    .   (no shield)
rNeg     . . .     Faith    .   g - +0 leather armour
rPois    .         Spirit   .   (no helmet)
rElec    .         Reflect  .   v - +0 cloak
rCorr    .         Harm     .   (no gloves)
MR       .....                  (no boots)
Stlth    +++.......             (no amulet)
HPRegen  0.12/turn              r - ring of stealth
MPRegen  0.15/turn              (no ring)

@: no status effects
A: no striking features
a: Potion Petition, Call Merchant, Bribe Branch, Renounce Religion


You were in an ossuary.
You worshipped Gozag.
Gozag was pleased with you.
You were full.

You visited 2 branches of the dungeon, and saw 6 of its levels.
You also visited: Ossuary.

You collected 749 gold pieces.
You spent 84 gold pieces at shops.
You paid 72 gold pieces to Gozag.

Inventory:

Hand Weapons
 a - a +1 whip of electrocution
 b - a +0 dagger
 G - the +6 short sword "Zibryduc" (weapon) {drain, rF+ Str+4 Dex+3}
   (You found it on level 5 of the Dungeon)

   A truly terrible weapon, it drains the life of those it strikes.
   It affects your strength (+4).
   It affects your dexterity (+3).
   It protects you from fire.
Missiles
 m - 32 arrows
 w - 4 needles of paralysis
 A - 98 stones (quivered)
 C - 26 poisoned needles
 E - 4 exploding tomahawks
Armour
 g - a +0 leather armour (worn)
 v - a +0 cloak (worn)
Jewellery
 r - a ring of stealth (left hand)
Wands
 c - a wand of flame (1)
 d - a wand of enslavement (11)
 e - a wand of random effects (4)
Scrolls
 h - a scroll of vulnerability {!r, unknown}
 j - 2 scrolls of remove curse {!r}
 p - 3 scrolls of teleportation {!r}
 q - 2 scrolls of blinking {!r}
 u - a scroll of amnesia {!r, unknown}
 y - 4 scrolls of fog {!r}
Potions
 i - a potion of heal wounds {!q, unknown}
 k - 3 potions of lignification {!q, unknown}
 n - 3 potions of flight {!q, unknown}
 o - 2 potions of agility {!q, unknown}
 s - a potion of degeneration {!q, unknown}
 t - a potion of curing {!q, unknown}
 x - a potion of resistance {!q}
 z - 3 potions of mutation {!q}
 B - 4 potions of brilliance {!q, unknown}
 D - 3 potions of haste {!q}
Comestibles
 f - 5 rations


   Skills:
 - Level 0.7 Fighting
 + Level 2.4 Short Blades
 - Level 2.4 Dodging
 + Level 2.4 Stealth
 * Level 9.4 Evocations


You had 4 spell levels left.
You knew the following spells:

 Your Spells              Type           Power        Failure   Level  Hunger
a - Sticks to Snakes      Tmut           #.......     43%         2    ###....


Dungeon Overview and Level Annotations

Branches:
Dungeon (5/15)             Temple (1/1) D:4

Altars:
Cheibriados
Dithmenos
Gozag
Kikubaaqudgha
Nemelex Xobeh
Okawaru
Qazlal
Trog
Uskayaw
Vehumet
Wu Jian
Xom
Yredelemnul
The Shining One

Shops:
D:4 :   D:5 *


Message History

The helpless quokka zombie fails to defend itself.
You puncture the quokka zombie!
You destroy the quokka zombie!
No target in view!
You now have 588 gold pieces (gained 3).
You now have 593 gold pieces (gained 5).
You open the door.
There is an open door here.
There is an open door here.
You open the door.
There is an open door here.
You open the door.
There is an open door here.
You open the door. 5 mummies come into view.
Found ten items.
Found a gate leading back out of this place.
Found five items.
There is an open door here.
There are monsters nearby!
There is a click, and some walls slide away!
A centaur zombie comes into view.
There are monsters nearby!
A centaur zombie comes into view.
There is an open door here.
There is an open door here.
You swing at nothing.
You swing at nothing.
You swing at nothing.
You swing at nothing.
You swing at nothing.
You swing at nothing.
You swing at nothing.
You puncture the mummy!
The mummy is moderately damaged.
You swing at nothing.
You puncture the mummy!
The mummy is almost destroyed.
The mummy misses you.
You swing at nothing.
You hit the mummy.
The mummy is almost destroyed.
You hit the mummy.
You destroy the mummy!
You swing at nothing.
You hit the mummy.
The mummy is moderately damaged.
You hit the mummy.
The mummy is heavily damaged.
The mummy misses you.
You swing at nothing.
You puncture the mummy!
The mummy is almost destroyed.
You hit the mummy but do no damage.
The mummy is almost destroyed.
The mummy hits you!
You swing at nothing.
You hit the mummy.
The mummy is lightly damaged.
The mummy hits you!
* * * LOW HITPOINT WARNING * * *
The mummy hits you!
You die...
Your body crumbles into a pile of gold.

##########################
.............M..........∩#
.........$.M.M@..........#
##+###'###'###'###'###..#
#...#...#...#...#..# #
####'###'#######.#..# ..
#...M#....#....'.#..# ...
#....#....#....###..#
....#....#....#....# +..#
.......MM#.........# #..#
###...'..#......####


You could see 3 mummies.

Vanquished Creatures
  A centaur (D:5)
  An ogre (D:4)
  A bullfrog (D:2)
  A howler monkey (D:4)
  A hound (D:5)
  4 orc priests
  2 orc wizards
  An iguana (D:4)
  2 worker ants (D:4)
  A mummy (Ossuary)
  5 adders
  A shadow imp (D:5)
  An ooze (D:4)
  An adder zombie (Ossuary)
  2 worms (D:3)
  4 dart slugs
  4 leopard geckos
  10 orcs
  3 ball pythons
  A giant cockroach (D:1)
  7 goblins
  9 hobgoblins
  2 jackals (D:4)
  9 bats
  6 frilled lizards
  A hobgoblin zombie (Ossuary)
  5 kobolds
  2 quokka skeletons
  3 quokka zombies (Ossuary)
  5 rats
  A rat zombie (Ossuary)
97 creatures vanquished.

Vanquished Creatures (collateral kills)
  A sky beast (D:5)
  A worm (D:5)
2 creatures vanquished.

Vanquished Creatures (others)
  An adder (D:2)
1 creature vanquished.

Grand Total: 100 creatures vanquished

Notes
Turn   | Place    | Note
-------+----------+-------------------------------------------
     0 | D:1      | Amnesiac the Deep Elf Artificer began the quest for the Orb.
     0 | D:1      | Reached XP level 1. HP: 11/11 MP: 5/5
    24 | D:2      | Noticed a bullfrog
   189 | D:2      | Reached skill level 4 in Evocations
   189 | D:2      | Reached XP level 2. HP: 6/16 MP: 7/7
   199 | D:2      | Killed a bullfrog
   199 | D:2      | Reached skill level 5 in Evocations
   199 | D:2      | Reached XP level 3. HP: 9/20 MP: 9/9
   199 | D:2      | Reached XP level 4. HP: 11/24 MP: 10/10
   765 | D:3      | Reached skill level 6 in Evocations
  1176 | D:4      | Noticed an ogre
  1192 | D:4      | Killed an ogre
  1192 | D:4      | Reached skill level 7 in Evocations
  1192 | D:4      | Reached XP level 5. HP: 28/28 MP: 10/12
  1216 | D:4      | Found a staircase to the Ecumenical Temple.
  1222 | Temple   | Entered the Ecumenical Temple
  1231 | Temple   | Became a worshipper of Gozag Ym Sagoz the Greedy
  2382 | D:3      | Found a glowing golden altar of the Shining One.
  2451 | D:3      | Reached XP level 6. HP: 16/33 MP: 13/13
  2918 | D:4      | Found a hide-covered altar of Uskayaw.
  2920 | D:4      | Found an iron altar of Okawaru.
  2921 | D:4      | Found an ornate altar of the Wu Jian Council.
  2921 | D:4      | Found a stormy altar of Qazlal.
  2922 | D:4      | Found a radiant altar of Vehumet.
  3186 | D:4      | Found Basch's Book Emporium.
  3208 | D:4      | Learned a level 2 spell: Sticks to Snakes
  3226 | D:4      | Reached skill level 8 in Evocations
  3381 | D:4      | Found a basalt altar of Yredelemnul.
  3381 | D:4      | Found an ancient bone altar of Kikubaaqudgha.
  3382 | D:4      | Found a bloodstained altar of Trog.
  3729 | D:5      | Entered Level 5 of the Dungeon
  3745 | D:5      | Reached XP level 7. HP: 16/37 MP: 15/15
  3800 | D:5      | Reached skill level 9 in Evocations
  3844 | D:5      | Found a shimmering altar of Xom.
  4021 | D:5      | Got a polished short sword
  4023 | D:5      | Identified the +6 short sword "Zibryduc" {drain, rF+ Str+4 Dex+3} (You found it on level 5 of the Dungeon)
  4030 | D:5      | Found Efoisies's Assorted Antiques.
  4038 | D:5      | Bought 2 fuming emerald potions for 41 gold pieces
  4038 | D:5      | Bought a viscous pink potion for 20 gold pieces
  4038 | D:5      | Bought a scroll labeled XICAIMOCWU for 23 gold pieces
  4208 | D:5      | Found a sand-covered staircase.
  4225 | Ossuary  | Entered an ossuary
  4510 | Ossuary  | Mangled by a mummy

Vault maps used:
D:1:      dpeg_arrival_shelter
D:2:      first_ration
D:3:      minivault_14, lemuel_tele_altar
D:4:      grunt_temple_overflow_open, minmay_temple_entry_hall, serial_shops,
          shop
D:5:      tgw_xom, serial_shops, shop, nicolae_ossuary_entry_monument
Temple:   eino_wide_crystal_templ
Ossuary:  ossuary_boxes_badplayer

Skill      XL: |  1  2  3  4  5  6  7 |
---------------+----------------------+-----
Evocations     | 4 5 7 8 9 |  9.4
Short Blades   | 2 |  2.4
Stealth        | 2 |  2.4
Fighting       | |  0.7
Dodging        | |  2.4

Action                   |  1- 3 |  4- 6 |  7- 9 || total
-------------------------+-------+-------+-------++-------
Melee: Short sword       |    20 |   120 |    34 ||   174
       Whip              |       |    81 |    25 ||   106
Evoke: Wand              |     7 |    17 |     5 ||    29
  Use: Scroll            |       |     1 |     8 ||     9
 Stab: Sleeping          |     1 |     5 |     8 ||    14
       Paralysed         |     5 |     5 |       ||    10
       Distracted        |       |       |     1 ||     1
  Eat: Chunk             |       |     2 |       ||     2
       Ration            |       |     2 |     2 ||     4
Armor: Leather armour    |     2 |    52 |    12 ||    66
Dodge: Dodged            |    11 |   129 |    28 ||   168

Table legend:
 A = Spawn XP
 B = Non-spawn XP
 C = Spawn XP percentage of total XP
 D = Spawn monster count
 E = Non-spawn monster count
 F = Spawn count percentage of total count
 G = Total turns spent on level
                    A         B        C        D         E        F      G
               +---------+---------+-------+---------+---------+-------+---------
         Total |       0 |    1165 |   0.0 |       0 |     100 |   0.0 |  4510
               +---------+---------+-------+---------+---------+-------+---------
           D:1 |       0 |      28 |   0.0 |       0 |      15 |   0.0 |   659
           D:2 |       0 |     164 |   0.0 |       0 |      18 |   0.0 |  1099
           D:3 |       0 |     115 |   0.0 |       0 |      23 |   0.0 |  1265
           D:4 |       0 |     387 |   0.0 |       0 |      19 |   0.0 |   689
           D:5 |       0 |     442 |   0.0 |       0 |      18 |   0.0 |   496
       Ossuary |       0 |      29 |   0.0 |       0 |       7 |   0.0 |   285
               +---------+---------+-------+---------+---------+-------+---------
